 Dungeon Crawl Stone Soup version 0.30-a0-586-g23e55c9e0a (webtiles) character file.

Game seed: 3869494137077363347

475 BigDaddyOpFi the Ducker (level 7, -1/49 HPs)
             Began as an Octopode Fighter on Jan 3, 2023.
             Slain by a gnoll
             ... wielding a +0 flail of protection
             ... led by a gnoll bouda
              (8 damage)
             ... on level 4 of the Dungeon.
             The game lasted 00:02:49 (3534 turns).

BigDaddyOpFi the Ducker (Octopode Fighter)          Turns: 3534, Time: 00:02:50

Health: -1/49      AC:  1    Str: 17    XL:     7   Next: 10%
Magic:  7/7        EV: 14    Int: 11    God:
Gold:   169        SH:  5    Dex: 11    Spells: 6/6 levels left

rFire   . . .      SeeInvis .    a - +1 war axe
rCold   . . .      Faith    .    b - +0 buckler
rNeg    . . .      Spirit   .    (helmet restricted)
rPois   .          Reflect  .    (no amulet)
rElec   .          Harm     .    (no ring)
rCorr   .          Rampage  .    (no ring)
Will    .....                    (no ring)
Stlth   ++                       (no ring)
HPRegen 0.28/turn                (no ring)
MPRegen 0.10/turn                (no ring)
                                 (no ring)
                                 (no ring)

@: weakened
A: almost no armour, amphibious, 8 rings, camouflage 1, gelatinous body 1,
(nimble swimmer 1), tentacles
a: no special abilities


You were on level 4 of the Dungeon.
You visited 1 branch of the dungeon, and saw 4 of its levels.

You collected 169 gold pieces.

Inventory:

Hand Weapons
 a - a +1 war axe (weapon)
Armour
 b - a +0 buckler (worn)
Jewellery
 f - a ring of magical power
Wands
 h - a wand of polymorph (2)
Scrolls
 g - 2 scrolls of amnesia
 j - a scroll of blinking {unknown}
 k - 2 scrolls of teleportation {unknown}
 m - a scroll of noise {unknown}
 n - a scroll of identify
 o - 2 scrolls of fog {unknown}
Potions
 c - a potion of might
 d - 2 potions of heal wounds
 e - a potion of attraction {unknown}
 i - 2 potions of curing
 l - a potion of degeneration {unknown}


   Skills:
 + Level 4.6 Fighting
 + Level 4.0 Axes
 + Level 4.6 Dodging
 + Level 4.6 Shields


You had 6 spell levels left.
You didn't know any spells.
Your spell library contained the following spells:

 Spells                   Type           Power      Damage    Failure   Level
 Freeze                   Ice            0%         1d3       41%         1
 Sublimation of Blood     Necr           0%         N/A       56%         2
 Frozen Ramparts          Ice            0%         1d1       80%         3
 Hailstorm                Conj/Ice       0%         3d3       80%         3
 Petrify                  Tmut/Erth      0%         N/A       99%         4
 Irradiate                Conj/Tmut      0%         3d11      100%        5


Dungeon Overview and Level Annotations

Branches:
Dungeon (4/15)
 Temple: D:4-7

Altars:
Makhleb
Trog


Innate Abilities, Weirdness & Mutations

You cannot wear most types of armour.
You are amphibious.
You can wear up to eight rings at the same time.
Your skin changes colour to match your surroundings (Stealth+).
Your rubbery body absorbs attacks. (AC +1, EV +1)
((You are camouflaged when in or above water. (Stealth+)))
You have tentacles for arms and can constrict up to eight enemies at once.


Message History

Found a burning altar of Makhleb.
You start waiting.
Done waiting.
Found a stone staircase leading down.
There is a stone staircase leading down here.
A gnoll comes into view. It is wielding a +0 whip.
A gnoll comes into view.
It is wielding a +0 flail of protection.
The gnoll shouts!
You hear a shout!
A gnoll comes into view. It is wielding a +0 spear.
You hear a shout!
There are monsters nearby!
A gnoll comes into view. It is wielding a +0 halberd.
The gnoll shouts! x2
There are monsters nearby!
The gnoll shouts!
A gnoll bouda comes into view. It is wielding a +0 whip.
The gnoll bouda gazes fiercely through you!
You feel your attacks grow feeble.
The gnoll bouda gazes fiercely through you!
You feel as though you will be weak longer.
The gnoll hits you with a +0 whip.
A gnoll comes into view. It is wielding a +0 flail.
The gnoll attacks as you move away! The gnoll closely misses you.
A black bear comes into view.
The black bear growls angrily.
You hit the gnoll. You grab the gnoll. You squeeze the gnoll!
You kill the gnoll!
You hit the gnoll but do no damage. You grab the gnoll. You squeeze the gnoll.
The gnoll is lightly wounded.
You constrict the gnoll.
The gnoll hits you from afar with a +0 halberd!
The gnoll hits you with a +0 flail of protection!
You hit the gnoll.
You tentacle-slap the gnoll, but do no damage.
The gnoll is moderately wounded.
You constrict the gnoll.
The gnoll hits you from afar with a +0 halberd!
* * * LOW HITPOINT WARNING * * *
The gnoll hits you with a +0 flail of protection!
You die...

##.≈≈≈≈≈≈≈.##.#
##≈..≈≈≈..≈##.#
##≈.≈...≈.≈##.####
.#≈.≈._.≈.≈#....>#
.#≈.≈...≈.≈##.##.#
.#≈..≈≈≈..≈##.##.#
.#.≈≈≈≈≈≈≈.##.##.#
.# .. #.##.# # ..
#.#.##@#.# ...
#...##g#.# ....
#...g..# ##...
####g######.
#hg.......
#.g####### #...
#..## #..#


You could see a black bear, a gnoll bouda and 4 gnolls.

Vanquished Creatures
  Sigmund (D:2)
  A black bear (D:4)
  A scorpion (D:4)
  A hound (D:4)
  A gnoll (D:4)
  6 adders
  A white imp (D:4)
  A dart slug (D:1)
  2 orcs
  8 endoplasms
  4 giant cockroaches
  7 goblins
  7 hobgoblins
  8 kobolds
  A quokka (D:3)
  5 ball pythons
  4 bats
  4 frilled lizards (D:1)
  4 rats
67 creatures vanquished.

Notes
Turn   | Place    | Note
-------+----------+-------------------------------------------
     0 | D:1      | BigDaddyOpFi the Octopode Fighter began the quest for the
                  | Orb.
     0 | D:1      | Reached XP level 1. HP: 16/16 MP: 1/1
   198 | D:1      | Reached XP level 2. HP: 19/21 MP: 2/2
   446 | D:1      | Reached XP level 3. HP: 26/26 MP: 3/3
  1061 | D:2      | Reached XP level 4. HP: 21/31 MP: 4/4
  1783 | D:2      | Noticed Sigmund
  1787 | D:2      | Killed Sigmund
  1788 | D:2      | Reached XP level 5. HP: 37/37 MP: 5/5
  1788 | D:2      | Reached XP level 6. HP: 43/43 MP: 6/6
  2786 | D:4      | Noticed a black bear
  2792 | D:4      | Killed a black bear
  2844 | D:4      | Found a bloodstained altar of Trog.
  3077 | D:4      | Reached XP level 7. HP: 17/49 MP: 7/7
  3395 | D:4      | Found a burning altar of Makhleb.
  3534 | D:4      | Slain by a gnoll

Illustrated notes

Levels and vault maps discovered:
D:1:      sevenhm_arrival_forest_fort_small_5, layout_basic,
          minmay_misc_feat_secret_circle
D:2:      layout_loops_corners, uniq_sigmund
D:3:      layout_basic
D:4:      minmay_bubble_buster, layout_basic, trog_book,
          mainiacjoe_overflow_paths, nicolae_overflow_hallway_of_the_gods

Skill      XL: |  1  2  3  4  5  6 |
---------------+-------------------+-----
Fighting       | 4 |  4.6
Axes           | 3 4 |  4.0
Dodging        | 4 |  4.6
Shields        | 4 |  4.6

Action                   |  1- 3 |  4- 6 |  7- 9 || total
-------------------------+-------+-------+-------++-------
Melee: War axe           |    56 |    66 |     3 ||   125
       Tentacles         |    12 |    12 |     2 ||    26
       Constrict         |    15 |    14 |     2 ||    31
       Punch             |       |       |     1 ||     1
  Use: Scroll            |     1 |     5 |       ||     6
       Potion            |       |     1 |       ||     1
 Stab: Sleeping          |     5 |     3 |       ||     8
Armor: Skin              |     6 |     2 |       ||     8
Dodge: Dodged            |    28 |    39 |     1 ||    68
Block: Buckler           |    14 |    11 |       ||    25

Table legend: (Time is in decaauts)
 A = Elapsed time spent in this place.
 B = Non-inter-level travel time spent in this place.
 C = Inter-level travel time spent in this place.
 D = Time resting spent in this place.
 E = Time spent auto-exploring this place.
 F = Levels seen in this place.
 G = Mean time per level.
                   A        B        C        D        E       F      G
               +--------+--------+--------+--------+--------+-----+--------+
         Total |   3581 |   3452 |    129 |    612 |   2396 |   4 |  895.2 |
       Dungeon |   3581 |   3452 |    129 |    612 |   2396 |   4 |  895.2 |
               +--------+--------+--------+--------+--------+-----+--------+

Top non-repeatable levels by time:
     D:2: 1222 daAuts
     D:1: 992 daAuts
     D:4: 796 daAuts
     D:3: 569 daAuts
